 Dungeon Crawl Stone Soup version 0.26-a0-597-gb535b0901c (webtiles) character file.

Game seed: 14485597715224946040

38794 qiq the Fighter (level 13, -4/63 HPs)
             Began as a Felid Venom Mage on Aug 30, 2020.
             Was the Champion of Makhleb.
             Slain by a four-headed hydra (14 damage)
             ... on level 2 of the Lair of Beasts.
             The game lasted 01:42:24 (29467 turns).

qiq the Fighter (Felid Venom Mage)                 Turns: 29467, Time: 01:42:24

Health: -4/63      AC:  5    Str:  7    XL:     13   Next: 65%
Magic:  28/36      EV: 25    Int: 17    God:    Makhleb [******]
Gold:   1600       SH:  0    Dex: 18    Spells: 1/30 levels left
                                        Lives:  0   Deaths: 2

rFire    + . .     SeeInvis +     - Unarmed
rCold    + . .     Faith    .   (shield unavailable)
rNeg     . . .     Spirit   .   (armour unavailable)
rPois    .         Reflect  .   (helmet unavailable)
rElec    .         Harm     .   (cloak unavailable)
rCorr    .                      (gloves unavailable)
MR       +....                  (boots unavailable)
Stlth    +++.......             P - amulet of Luroy {Acrobat Slay+2}
HPRegen  0.20/turn              b - ring of magical power
MPRegen  0.25/turn              x - +4 ring of slaying

@: quick
A: very small, no armour, no weapons or thrown items, stealth, claws 1, fangs 3,
iridescent scales 1, see invisible, fire resistance 1, speed 1, mutation
resistance 1, shaggy fur 3, sharp paws
a: Minor Destruction, Lesser Servant of Makhleb, Major Destruction, Greater
Servant of Makhleb, Renounce Religion


You were on level 2 of the Lair of Beasts.
You worshipped Makhleb.
Makhleb was exalted by your worship.
You visited 3 branches of the dungeon, and saw 18 of its levels.
You also visited: Volcano.

You collected 1600 gold pieces.

Inventory:

Jewellery
 b - a ring of magical power (left paw)
 q - an uncursed amulet of reflection
 w - an uncursed ring of resist corrosion
 x - a +4 ring of slaying (right paw)
 G - an uncursed ring of flight
 P - the amulet of Luroy (around neck) {Acrobat Slay+2}
   (You found it on level 13 of the Dungeon)

   [amulet of the acrobat]

   It helps you evade while moving and waiting.
   It affects your accuracy and damage with ranged weapons and melee attacks
   (+2).
Wands
 n - a wand of flame (63)
 y - a wand of digging (2)
 B - a wand of polymorph (22)
 C - a wand of random effects (60)
 E - a wand of enslavement (19)
 F - a wand of disintegration (12)
 H - a wand of acid (5)
 K - a wand of iceblast (10)
Scrolls
 a - 4 scrolls of fog
 c - 3 scrolls of enchant weapon
 f - 11 scrolls of amnesia
 g - a scroll of blinking
 h - 6 scrolls of remove curse
 m - 4 scrolls of fear
 u - 4 scrolls of random uselessness
 v - 6 scrolls of teleportation
 I - a scroll of magic mapping
 J - a scroll of holy word {unknown}
 O - a scroll of immolation
Potions
 d - a potion of cancellation
 e - 3 potions of berserk rage
 i - 4 potions of stabbing
 j - 2 potions of mutation
 k - a potion of ambrosia
 l - 2 potions of brilliance
 o - 4 potions of lignification
 p - 2 potions of might
 r - a potion of experience {unknown}
 s - 3 potions of flight
 z - 2 potions of magic
 A - 3 potions of curing
 L - a potion of invisibility {unknown}
 M - a potion of haste
 N - 4 potions of resistance
Miscellaneous
 t - a tin of tremorstones (3/3)
 D - a lightning rod (4/4)


   Skills:
 + Level 11.4 Fighting
 - Level 9.0 Dodging
 - Level 2.6 Stealth
 - Level 11.2 Unarmed Combat
 - Level 9.0 Spellcasting
 - Level 4.0 Conjurations
 - Level 3.4 Translocations
 - Level 10.0 Transmutations
 - Level 3.0 Fire Magic
 - Level 3.0 Air Magic
 * Level 4.4 Earth Magic
 - Level 10.0 Poison Magic
 - Level 7.0 Invocations
 - Level 2.0 Evocations


You had one spell level left.
You knew the following spells:

 Your Spells              Type           Power        Failure   Level
a - Blink                 Tloc           N/A          3%          2
b - Poisonous Vapours     Pois/Air       ####..       1%          2
c - Mephitic Cloud        Conj/Pois/Air  ####....     2%          3
d - Ignite Poison         Fire/Tmut/Pois ####....     1%          3
e - Olgreb's Toxic Radia  Pois           #####...     1%          4
f - Blade Hands           Tmut           #####.....   4%          5
g - Wereblood             Tmut           #####...     1%          2
h - Swiftness             Air            ###.....     4%          2
i - Statue Form           Tmut/Erth      ####.....    58%         6

Your spell library contained the following spells:

 Spells                   Type           Power        Failure   Level
 Beastly Appendage        Tmut           #####.       1%          1
 Magic Dart               Conj           ###.         1%          1
 Sting                    Tmut/Pois      ####         1%          1
 Shock                    Conj/Air       ###.         2%          1
 Animate Skeleton         Necr           #.....       10%         1
 Freeze                   Ice            #...         10%         1
 Pain                     Necr           #...         10%         1
 Spider Form              Tmut/Pois      #####.....   1%          3
 Searing Ray              Conj           ###...       2%          2
 Conjure Flame            Conj/Fire      ###.....     7%          3
 Gell's Gravitas          Tloc           ###.......   7%          3
 Lesser Beckoning         Tloc           ###.......   7%          3
 Static Discharge         Conj/Air       ###.....     7%          3
 Teleport Other           Tloc           ###.....     7%          3
 Dazzling Flash           Conj/Hex       ##....       12%         3
 Ice Form                 Ice/Tmut       ###.....     12%         4
 Call Imp                 Summ           #.......     14%         2
 Slow                     Hex            #.......     14%         2
 Iskenderun's Mystic Bla  Conj/Tloc      ###.....     21%         4
 Passage of Golubria      Tloc           N/A          22%         4
 Eringya's Noxious Bog    Tmut/Pois      #####.....   24%         6
 Airstrike                Air            ###.......   26%         4
 Vampiric Draining        Necr           #.........   28%         3
 Leda's Liquefaction      Hex/Erth       ###.......   36%         4
 Fulminant Prism          Conj/Hex       ##........   38%         4
 Summon Lightning Spire   Summ/Air       ##......     45%         4
 Bolt of Magma            Conj/Fire/Erth ###.......   50%         5
 Lightning Bolt           Conj/Air       ###.......   52%         5
 Animate Dead             Necr           #.........   67%         4
 Borgnjor's Vile Clutch   Necr/Erth      ###.......   71%         5
 Silence                  Hex/Air        ##........   80%         5
 Agony                    Necr           #.......     95%         5
 Iron Shot                Conj/Erth      ###.......   95%         6
 Conjure Ball Lightning   Conj/Air       ###.......   98%         6
 Freezing Cloud           Conj/Ice/Air   ###.......   99%         6
 Death Channel            Necr           #.........   100%        6
 Simulacrum               Ice/Necr       #.........   100%        6
 Shatter                  Erth           ###.......   100%        9
 Tornado                  Air            ###.......   100%        9


Dungeon Overview and Level Annotations

Branches:
Dungeon (15/15)            Temple (1/1) D:4            Lair (2/6) D:10
    Orc (0/2) D:11         Vaults (0/5) D:13         Depths (0/5) D:15
Volcano (visited)
  Swamp: Lair:2-4    Shoals: Lair:2-4     Snake: Lair:2-4    Spider: Lair:2-4

Altars:
Ashenzari
Cheibriados
Dithmenos
Elyvilon
Fedhas
Gozag
Hepliaklqana
Kikubaaqudgha
Makhleb
Nemelex Xobeh
Okawaru
Qazlal
Ru
Sif Muna
Trog
Uskayaw
Vehumet
Wu Jian
Xom
Yredelemnul
Zin
The Shining One

Shops:
D:7 [   D:8 }

Annotations:
D:2 exclusion: downstairs
D:4 exclusion: 2 downstairs
D:7 exclusion: 2 downstairs
D:9 exclusion: 2 downstairs
D:11 3 runed translucent doors, Gastronok; melvinkitnick's ghost, journeyman SpEn
D:14 exclusion: downstairs


Innate Abilities, Weirdness & Mutations

You cannot wear armour.
You are incapable of wielding weapons or throwing items.
Your paws allow you to move quietly. (Stealth)
You have sharp claws.
You have razor-sharp teeth.
You have supernaturally acute eyesight. (SInv)
You cover ground quickly.
Your thick and shaggy fur keeps you warm. (AC +3, rC+)
Your sharp claws are effective at attacking unaware monsters.
You are partially covered in iridescent scales. (AC +2)
Your flesh is heat resistant. (rF+)
You are somewhat resistant to further mutation.


Message History

The four-headed hydra bites you!
You claw the four-headed hydra!
The four-headed hydra is moderately wounded.
The bullfrog misses you.
A crocodile comes into view.
The four-headed hydra is engulfed in blazing flames.
The four-headed hydra misses you.
The four-headed hydra bites you but does no damage.
The four-headed hydra bites you! The four-headed hydra misses you.
The bullfrog completely misses you.
You claw the four-headed hydra!
The four-headed hydra is severely wounded.
The bullfrog barely misses you.
The four-headed hydra is engulfed in blazing flames.
The four-headed hydra bites you!
* * * LOW HITPOINT WARNING * * *
The four-headed hydra bites you.
* * * LOW HITPOINT WARNING * * *
The four-headed hydra bites you!
You die...

...............##P.#...
.......................
.......................
...............#.......
>..##...###............
....####.##............
...## ###............
...P# #......#.#..
...## #.....#@# < ...#
##.|..F☼D.....# ...#
#...#○○☼.⌠.... ...##
#.##.☼○##..#t. ....# ##
...#. ..# ...## ....##
## ...## #..)# ....###
.... ......#.


You could see a four-headed hydra, a crocodile and a bullfrog.

Vanquished Creatures
  Roxanne (D:15)
  A very ugly thing (D:11)
  An ettin (D:8)
  A vault guard (D:13)
  3 hydras (D:13)
  6 centaur warriors
  10 two-headed ogres
  An ogre mage (D:14)
  A hell hog (Volcano)
  A vampire mage (D:15)
  2 skeletal warriors
  4 unseen horrors
  A wizard (D:13)
  A deep elf archer (D:13)
  3 necromancers
  18 ugly things
  A salamander (Volcano)
  3 cyclopes
  2 manticores
  A frost giant zombie (D:15)
  2 deep elf magi
  Maurice (D:8)
  2 gargoyles
  7 centaur skeletons
  A yaktaur (D:13)
  A komodo dragon (Lair:1)
  A tengu conjurer (D:13)
  6 polar bears
  A hornet (D:11)
  A troll (D:12)
  4 hippogriffs
  Prince Ribbit (D:8)
  9 slime creatures
  An ice dragon zombie (D:15)
  Sigmund (D:2)
  3 wraiths (D:13)
  A spriggan skeleton (D:15)
  35 yaks
  2 shadows
  2 fire bats (Volcano)
  19 humans (D:13)
  2 basilisks
  A vampire mosquito (D:8)
  A hell hound (Volcano)
  2 water moccasins
  A porcupine (Lair:1)
  Duvessa (D:6)
  5 ice beasts
  A sky beast (D:13)
  8 black bears
  7 orc warriors
  A necrophage (D:8)
  4 phantoms
  5 wolves (D:12)
  7 ogres
  6 crocodiles
  17 centaurs
  5 big kobolds
  13 bullfrogs
  A wyvern zombie (D:13)
  3 scorpions
  A wyvern skeleton (D:10)
  Dowan (D:6)
  29 killer bees
  16 wights
  4 electric eels
  5 howler monkeys
  2 bullfrog zombies (D:10)
  3 quasits
  4 centaur zombies
  13 orc priests
  9 hounds
  Crazy Yiuf (D:6)
  3 bullfrog skeletons
  4 jellies
  3 iguanas (D:10)
  11 orc wizards
  7 worker ants
  A bullfrog simulacrum (D:12)
  A howler monkey zombie (D:6)
  3 gnolls (D:8)
  2 howler monkey skeletons
  13 adders
  3 shadow imps
  9 oozes
  2 adder skeletons
  2 adder zombies
  2 worms
  A dart slug (D:1)
  3 leopard geckos
  54 orcs
  4 ball pythons
  9 giant cockroaches
  7 goblins
  8 hobgoblins
  7 jackals
  34 kobolds
  8 quokkas
  5 bats
  5 frilled lizards
  A leopard gecko skeleton (D:9)
  2 quokka zombies
  12 rats
568 creatures vanquished.

Vanquished Creatures (collateral kills)
  A spriggan zombie (D:15)
1 creature vanquished.

Vanquished Creatures (others)
  A two-headed ogre (Volcano)
  A centaur (Volcano)
  A bush (Lair:1)
  10 fungi
  30 plants
  8 toadstools (D:3)
  5 withered plants (D:15)
56 creatures vanquished.

Grand Total: 625 creatures vanquished

Notes
Turn   | Place    | Note
-------+----------+-------------------------------------------
     0 | D:1      | qiq the Felid Venom Mage began the quest for the Orb.
     0 | D:1      | Reached XP level 1. HP: 7/7 MP: 4/4
   259 | D:1      | Reached XP level 2. HP: 11/11 MP: 1/6
   289 | D:1      | Learned a level 2 spell: Poisonous Vapours
  1025 | D:2      | Found a glowing golden altar of the Shining One.
  1053 | D:2      | Reached XP level 3. HP: 9/14 MP: 0/7
  2174 | D:2      | Noticed Sigmund
  2213 | D:2      | Killed Sigmund
  2213 | D:2      | Reached skill level 1 in Air Magic
  2213 | D:2      | Reached XP level 4. HP: 4/19 MP: 2/10
  2213 | D:2      | Reached XP level 5. HP: 4/22 MP: 2/11
  2909 | D:3      | Gained mutation: You are covered in thick fur. (AC +2)
                  | [Felid growth]
  2909 | D:3      | Reached XP level 6. HP: 22/26 MP: 3/12
  3605 | D:3      | Reached skill level 1 in Unarmed Combat
  3772 | D:3      | Learned a level 3 spell: Mephitic Cloud
  4845 | D:4      | Reached skill level 1 in Conjurations
  5074 | D:4      | Found a staircase to the Ecumenical Temple.
  5077 | D:4      | HP: 1/27 [orc priest/divine providence (15)]
  5382 | D:5      | Entered Level 5 of the Dungeon
  5436 | D:4      | Reached XP level 7. HP: 30/30 MP: 5/14
  6587 | Temple   | Entered the Ecumenical Temple
  6809 | Temple   | Became a worshipper of Makhleb the Destroyer
  7166 | D:5      | Learned a level 3 spell: Ignite Poison
  7373 | D:5      | Reached skill level 5 in Spellcasting
  7607 | D:5      | Found a burning altar of Makhleb.
  7607 | D:5      | Noticed a cacodemon
  8079 | D:6      | Reached XP level 8. HP: 34/34 MP: 9/16
  8218 | D:6      | Gained mutation: Your magical capacity is low. (-10% MP)
                  | [potion of mutation]
  8218 | D:6      | Gained mutation: You are robust. (+10% HP) [potion of
                  | mutation]
  8237 | D:6      | Lost mutation: You are robust. (+10% HP) [potion of
                  | mutation]
  8237 | D:6      | Lost mutation: Your magical capacity is low. (-10% MP)
                  | [potion of mutation]
  8237 | D:6      | Gained mutation: Your flesh is heat resistant. (rF+)
                  | [potion of mutation]
  8237 | D:6      | Gained mutation: You are somewhat resistant to further
                  | mutation. [potion of mutation]
  8237 | D:6      | Gained mutation: You are partially covered in iridescent
                  | scales. (AC +2) [potion of mutation]
  8391 | D:6      | Noticed Dowan
  8427 | D:6      | Killed Dowan
  8432 | D:6      | Noticed Duvessa
  8437 | D:6      | Killed Duvessa
  8437 | D:6      | Reached skill level 5 in Poison Magic
  8667 | D:6      | Found a runed translucent door.
  8668 | D:6      | Noticed Crazy Yiuf
  8726 | D:6      | Found a glowing golden altar of the Shining One.
  9078 | D:6      | Killed Crazy Yiuf
  9213 | D:7      | Found a white marble altar of Elyvilon.
  9267 | D:7      | Found an opulent altar of Gozag.
  9421 | D:7      | Reached * piety under Makhleb
  9863 | D:7      | Found Nyvvarpho's Antique Armour Emporium.
 10111 | D:7      | Learned a level 4 spell: Olgreb's Toxic Radiance
 10495 | D:8      | Noticed Maurice
 10527 | D:8      | Killed Maurice
 10773 | D:8      | Reached XP level 9. HP: 39/39 MP: 10/17
 10967 | D:8      | Noticed Prince Ribbit
 10973 | D:8      | Killed Prince Ribbit
 10973 | D:8      | Reached skill level 1 in Fire Magic
 11185 | D:8      | Found Vofac's Gadget Boutique.
 11524 | D:8      | Reached skill level 5 in Fighting
 11740 | D:8      | Found a stormy altar of Qazlal.
 11740 | D:8      | Found a sacrificial altar of Ru.
 11791 | D:8      | Found a basalt altar of Yredelemnul.
 11791 | D:8      | Found a hazy altar of Hepliaklqana.
 11825 | D:8      | Noticed a six-headed hydra
 11826 | D:8      | Noticed an ettin
 11826 | D:8      | a six-headed hydra changed into an ettin
 11834 | D:8      | Killed an ettin
 11896 | D:8      | Noticed a brown ugly thing
 11929 | D:8      | Killed a brown ugly thing
 11929 | D:8      | Reached XP level 10. HP: 45/45 MP: 6/18
 12093 | D:8      | Reached ** piety under Makhleb
 12093 | D:8      | Reached skill level 5 in Transmutations
 12280 | D:8      | Reached skill level 5 in Unarmed Combat
 12396 | D:8      | Found a blossoming altar of Fedhas.
 12397 | D:8      | Found a glowing silver altar of Zin.
 12434 | D:8      | Noticed a manticore
 12438 | D:8      | Killed a manticore
 13692 | D:10     | Entered Level 10 of the Dungeon
 13696 | D:10     | Reached skill level 5 in Dodging
 13789 | D:10     | Noticed a two-headed ogre
 13791 | D:10     | Reached *** piety under Makhleb
 13793 | D:10     | Killed a two-headed ogre
 14029 | D:10     | Reached XP level 11. HP: 50/50 MP: 17/21
 14029 | D:10     | Noticed a two-headed ogre
 14620 | D:10     | Noticed a brown ugly thing
 14625 | D:10     | Killed a brown ugly thing
 14781 | D:10     | Killed a two-headed ogre
 14915 | D:10     | Learned a level 5 spell: Blade Hands
 14940 | D:10     | Reached **** piety under Makhleb
 15129 | D:10     | Reached skill level 1 in Invocations
 15136 | D:10     | Identified the +9 mace "Beetleslayer" {drain, rN+ Int+2}
 15180 | D:10     | Noticed a two-headed ogre
 15182 | D:10     | Noticed a deep elf mage
 15191 | D:10     | Killed a two-headed ogre
 15204 | D:10     | Killed a deep elf mage
 15419 | D:10     | Noticed an unseen horror
 15433 | D:10     | Killed an unseen horror
 15660 | D:10     | Found a staircase to the Lair.
 15981 | D:11     | Noticed Gastronok
 16649 | D:11     | Found a staircase to the Orcish Mines.
 16758 | D:11     | Found a runed translucent gate.
 16758 | D:11     | Found a runed translucent gate.
 16758 | D:11     | Noticed a green ugly thing
 16758 | D:11     | Noticed a red very ugly thing
 16758 | D:11     | Noticed a white ugly thing
 16759 | D:11     | Found a runed translucent gate.
 16759 | D:11     | Noticed a green ugly thing
 16760 | D:11     | Noticed a purple ugly thing
 16874 | D:11     | Gained mutation: Your thick and shaggy fur keeps you warm.
                  | (AC +3, rC+) [Felid growth]
 16874 | D:11     | Reached XP level 12. HP: 49/56 MP: 23/23
 17063 | D:11     | Killed a brown very ugly thing
 17225 | D:11     | Found a runed translucent gate.
 17225 | D:11     | Found a runed translucent gate.
 17231 | D:11     | Noticed melvinkitnick's ghost (journeyman SpEn)
 17232 | D:11     | Found a runed translucent gate.
 17479 | D:12     | Reached skill level 10 in Poison Magic
 17845 | D:12     | Reached ***** piety under Makhleb
 18893 | D:12     | Learned a level 2 spell: Wereblood
 18896 | D:12     | Learned a level 2 spell: Swiftness
 19026 | D:13     | Noticed a centaur warrior
 20059 | D:12     | Killed a centaur warrior
 20291 | D:13     | Noticed a centaur warrior
 20294 | D:13     | Killed a centaur warrior
 20294 | D:13     | Reached XP level 13. HP: 32/60 MP: 13/26
 20448 | D:13     | Identified Sif Muna's Papyrus of Ice and Intoxication
 20514 | D:13     | Reached skill level 5 in Invocations
 20718 | D:13     | Found a gate to the Vaults.
 21033 | D:13     | Reached skill level 10 in Fighting
 21037 | D:13     | Shot with an arrow by a centaur
 21038 | D:13     | Reached XP level 12. HP: 0/58 MP: 28/35
 21083 | D:13     | Killed a centaur warrior
 21588 | D:13     | Noticed a seven-headed hydra
 21604 | D:13     | Killed a seven-headed hydra
 21779 | D:13     | Noticed a two-headed ogre
 21799 | D:13     | Killed a two-headed ogre
 21908 | D:13     | Noticed a seven-headed hydra
 21910 | D:13     | Noticed a centaur warrior
 21988 | D:13     | Killed a seven-headed hydra
 21988 | D:13     | Reached ****** piety under Makhleb
 21988 | D:13     | Reached skill level 1 in Evocations
 22092 | D:13     | Killed a centaur warrior
 22123 | D:13     | Got a sparkling brass amulet
 22267 | D:13     | Learned a level 2 spell: Blink
 22463 | D:14     | HP: 2/58 [very large slime creature (54)]
 22464 | D:14     | Mangled by a slime creature
 22465 | D:14     | Reached XP level 11. HP: -11/55 MP: 26/34
 22480 | D:14     | Noticed a two-headed ogre
 22480 | D:14     | Noticed a two-headed ogre
 22481 | D:14     | Noticed a two-headed ogre
 22481 | D:14     | Noticed a two-headed ogre
 22481 | D:14     | Noticed an ogre mage
 22483 | D:14     | Noticed a two-headed ogre
 22485 | D:14     | Killed a two-headed ogre
 22485 | D:14     | Reached skill level 1 in Translocations
 22485 | D:14     | Killed an ogre mage
 22485 | D:14     | Reached XP level 12. HP: 58/58 MP: 19/26
 22485 | D:14     | Killed a two-headed ogre
 22485 | D:14     | Killed a two-headed ogre
 22490 | D:14     | Killed a two-headed ogre
 22491 | D:14     | Killed a two-headed ogre
 23154 | D:14     | Reached skill level 10 in Unarmed Combat
 23396 | D:14     | Got a heavily runed silver ring
 23398 | D:14     | Identified the amulet of Luroy {Acrobat Slay+2} (You found
                  | it on level 13 of the Dungeon)
 23410 | D:14     | Identified the ring of Qiofuit {*Contam rF+ Dex+2 SInv
                  | Stlth-} (You found it on level 14 of the Dungeon)
 24160 | D:14     | Noticed a centaur warrior
 24174 | D:14     | Killed a centaur warrior
 24335 | D:15     | Entered Level 15 of the Dungeon
 24600 | D:14     | Reached skill level 10 in Transmutations
 25026 | D:14     | Reached XP level 13. HP: 18/63 MP: 27/27
 26047 | D:15     | Found a staircase to the Depths.
 26643 | D:15     | Noticed Roxanne
 26660 | D:15     | Killed Roxanne
 26670 | D:15     | Learned a level 6 spell: Statue Form
 27011 | D:15     | Reached skill level 1 in Earth Magic
 27254 | Lair:1   | Entered Level 1 of the Lair of Beasts
 27368 | Lair:1   | Found a dark tunnel.
 27424 | Volcano  | Entered a volcano
 29467 | Lair:2   | Slain by a four-headed hydra

Illustrated notes

Levels and vault maps discovered:
D:1:      scummos_arrival_simple_crosswalls, layout_rooms
D:2:      layout_loops_cross, tso_oasis_becter, kennysheep_nub, uniq_sigmund
D:3:      cheibrodos_fertilizer, layout_basic
D:4:      layout_basic, minmay_temple_entry_proselytizer
D:5:      layout_gridville, makhleb_altar_promises_db
D:6:      layout_gridville, serial_rivers, chequers_serial_rivers_small_3,
          chequers_serial_rivers_micro_a, chequers_serial_rivers_micro_e,
          chequers_serial_rivers_micro_e, nicolae_tso_swordbearing_angel,
          uniq_duvessa, uniq_crazy_yiuf_cottage
D:7:      layout_basic, kennysheep_little_box, elyvilon_altar_5, serial_shops,
          nicolae_shop_overgrown_old_shop
D:8:      layout_basic, grunt_temple_overflow_open,
          chequers_temple_overflow_statue_of_worship, serial_shops,
          nicolae_shop_waterfront, minmay_evil_grid, uniq_maurice,
          uniq_prince_ribbit1
D:9:      layout_gridville, minmay_misc_feat_roman
D:10:     minmay_imperfect_grid, layout_irregular_city, david_lair_shrubbed
D:11:     layout_small_grid, orc_0_dummy,
          ploomutoo_gammafunk_ghost_potion_laboratory, uniq_gastronok
D:12:     layout_roguey, serial_ice, serial_ice_d, serial_ice_i, serial_ice_h,
          serial_ice_f, serial_ice_n, serial_ice_g
D:13:     layout_irregular_city, grunt_vaults_entry_tiered,
          minmay_hollow_rounded_squares
D:14:     layout_irregular_city, minmay_staircase_statues
D:15:     gammafunk_depths_entry_grave, layout_gridville, uniq_roxanne
Temple:   nicolae_temple_figure_eight
Lair:1:   beast_lair_carwin_large_3, layout_cave_pods, enter_volcano_2,
          infiniplex_staircase_pool
Lair:2:   layout_chaotic_city, minmay_snake_entry_guardpost_small,
          grunt_megastairs_5

Skill      XL: |  1  2  3  4  5  6  7  8  9 10 11 12 13 |
---------------+----------------------------------------+-----
Poison Magic   | 3 4 5 7 8 9 10 | 10.0
Fighting       | 2 3 4 5 7 8 9 11 | 11.4
Spellcasting   | 3 4 5 6 7 8 9 |  9.0
Air Magic      | 1 2 3 |  3.0
Unarmed Combat | 1 2 3 4 6 7 10 11 | 11.2
Conjurations   | 1 2 3 4 |  4.0
Dodging        | 3 4 5 6 8 9 |  9.0
Transmutations | 3 4 5 6 10 8 | 10.0
Fire Magic     | 2 3 |  3.0
Invocations    | 2 7 5 |  7.0
Evocations     | 2 |  2.0
Translocations | 1 3 |  3.4
Earth Magic    | 4 |  4.4
Stealth        | |  2.6

Action                   |  1- 3 |  4- 6 |  7- 9 | 10-12 | 13-15 || total
-------------------------+-------+-------+-------+-------+-------++-------
Melee: Unarmed           |    29 |    87 |   141 |   496 |   170 ||   923
       Bite              |     1 |     7 |    10 |    54 |    21 ||    93
       Punch             |       |       |     1 |    21 |    11 ||    33
 Cast: Sting             |     9 |    24 |       |       |       ||    33
       Poisonous Vapours |    34 |    61 |   114 |   159 |    13 ||   381
       Ignite Poison     |       |       |     7 |    85 |    22 ||   114
       Mephitic Cloud    |       |       |     4 |    44 |     9 ||    57
       Olgreb's Toxic Ra |       |       |     3 |    97 |    31 ||   131
       Blade Hands       |       |       |       |     3 |     8 ||    11
       Wereblood         |       |       |       |       |     1 ||     1
Invok: Lesser Servant of |       |       |       |     3 |     3 ||     6
Evoke: Wand              |       |       |     1 |    10 |     4 ||    15
  Use: Scroll            |       |       |    11 |     3 |    13 ||    27
       Potion            |       |       |     4 |     4 |     1 ||     9
 Stab: Sleeping          |     3 |     2 |     4 |     5 |     4 ||    18
       Distracted        |       |       |       |     3 |     4 ||     7
Armor: Skin              |     4 |     3 |    27 |    35 |    18 ||    87
Dodge: Dodged            |    44 |    59 |   130 |   407 |   183 ||   823
Block: Other             |       |    10 |    33 |   102 |     9 ||   154
       Reflection        |       |     1 |       |    12 |     4 ||    17

Table legend: (Time is in decaauts)
 A = Elapsed time spent in this place.
 B = Non-inter-level travel time spent in this place.
 C = Inter-level travel time spent in this place.
 D = Time resting spent in this place.
 E = Time spent auto-exploring this place.
 F = Levels seen in this place.
 G = Mean time per level.
                   A        B        C        D        E       F      G
               +--------+--------+--------+--------+--------+-----+--------+
         Total |  26894 |  25987 |    907 |  11911 |   9842 |  19 | 1415.5 |
       Dungeon |  24715 |  23867 |    848 |  11265 |   8773 |  15 | 1647.7 |
        Temple |    193 |    169 |     24 |      0 |    152 |   1 |  193.0 |
          Lair |   1191 |   1157 |     34 |     47 |    916 |   2 |  595.5 |
       Volcano |    792 |    792 |      0 |    599 |      0 |   1 |  792.0 |
               +--------+--------+--------+--------+--------+-----+--------+

Top non-repeatable levels by time:
    D:14: 2990 daAuts
    D:12: 2700 daAuts
    D:13: 2416 daAuts
     D:3: 1970 daAuts
     D:8: 1889 daAuts
    D:10: 1837 daAuts
     D:2: 1793 daAuts
     D:4: 1576 daAuts
    D:11: 1300 daAuts
     D:7: 1285 daAuts
    D:15: 1139 daAuts
  Lair:1: 1130 daAuts
     D:9: 1084 daAuts
     D:6: 1050 daAuts
     D:1: 882 daAuts
